Map: 数据C

Players

Zoun - Winner!

  • Race: Protoss Protoss
  • Spawn Location: 9:00

Jieshi

  • Race: Protoss Protoss
  • Spawn Location: 3:00

Event: DreamHack SC2 Masters 2022 Atlanta (Offline)

VOD

Have the link to the VOD?

Description

Time

  • Played on: Nov. 18, 2022, 1:13 p.m.
  • Length: 12:03

All games in this series

Show
View Real Time Build Order
Export as new Build Order

Zoun Protoss - Winner!

Build Orders: Blink Stalkers 

Get SALT Encoding   

  12  0:00  Probe  
  13  0:12  Probe  
  14  0:17  Pylon  
  14  0:24  Probe (Chrono Boost)  
  15  0:36  Probe (Chrono Boost)  
  15  0:38  Gateway  
  16  0:45  Probe (Chrono Boost)  
  16  0:46  Assimilator  
  17  0:51  Probe  
  18  1:03  Probe  
  19  1:15  Probe  
  20  1:25  Zealot  
  22  1:26  Pylon  
  22  1:27  Cybernetics Core  
  22  1:30  Probe  
  22  1:31  Assimilator  
  23  1:37  Pylon  
  23  1:44  Probe  
  24  1:56  Probe  
  24  2:01  Adept (Chrono Boost)  
  27  2:14  Nexus  
  27  2:18  Warp Gate  
  27  2:27  Probe  
  27  2:29  Stalker (Chrono Boost)  
  28  2:35  Shield Battery  
  30  2:44  Pylon  
  29  2:50  Probe  
  30  2:59  Gateway  
  30  3:02  Probe  
  31  3:12  Stalker  
  33  3:14  Probe  
  33  3:19  Twilight Council  
  34  3:26  Probe (Chrono Boost)  
  33  3:29  Probe (Chrono Boost)  
  34  3:38  Probe (Chrono Boost)  
  34  3:40  Probe (Chrono Boost)  
  36  3:43  Probe (Chrono Boost)  
  36  3:45  Probe (Chrono Boost)  
  36  3:48  Gateway  
  38  3:50  Blink (Chrono Boost)  
  38  3:52  Probe  
  39  3:56  Probe  
  40  4:05  Sentry, Stalker  
  44  4:11  Robotics Facility  
  44  4:12  Probe  
  44  4:13  Probe  
  44  4:17  Phoenix  
  46  4:18  Pylon  
  46  4:24  Probe  
  46  4:25  Probe  
  46  4:32  Stalker x2  
  46  4:36  Pylon  
  50  4:39  Probe  
  50  4:40  Probe  
  52  4:45  Sentry  
  54  4:54  Nexus  
  54  4:58  Pylon  
  54  4:59  Observer  
  55  5:02  Assimilator  
  55  5:05  Stalker  
  55  5:06  Probe  
  58  5:07  Probe  
  59  5:16  Shield Battery  
  59  5:18  Probe, Stalker  
  62  5:24  Observer  
  62  5:27  Probe  
  60  5:33  Stalker  
  62  5:35  Probe  
  62  5:38  Stalker  
  62  5:39  Probe  
  66  5:43  Forge  
  66  5:47  Probe  
  67  5:51  Probe  
  68  6:00  Probe  
  68  6:02  Charge (Chrono Boost)  
  68  6:03  Gateway, Probe  
  70  6:06  Probe  
  70  6:07  Gateway  
  70  6:08  Gateway  
  70  6:09  Stalker  
  73  6:12  Probe (Chrono Boost)  
  73  6:15  Probe (Chrono Boost)  
  73  6:16  Protoss Ground Weapons Level 1 (Chrono Boost)  
  75  6:18  Probe (Chrono Boost)  
  75  6:23  Pylon  
  75  6:24  Probe (Chrono Boost)  
  78  6:26  Probe (Chrono Boost)  
  78  6:27  Probe (Chrono Boost)  
  78  6:29  Probe (Chrono Boost)  
  78  6:31  Gateway  
  80  6:34  Probe x2, Gateway  
  80  6:38  Probe  
  83  6:40  Robotics Bay  
  83  6:50  Pylon  
  83  6:53  Probe x2  
  83  6:54  Probe, Assimilator  
  86  6:59  Stalker  
  88  7:03  Stalker x3  
  94  7:14  Stalker x2  
  96  7:17  Shield Battery  
  96  7:20  Shield Battery  
  96  7:24  Zealot  
  96  7:27  Stalker x2  
  96  7:29  Stalker x2  
  103  7:36  Pylon  
  102  7:38  Pylon  
  102  7:45  Pylon  
  102  7:47  Pylon  
  102  7:51  Disruptor (Chrono Boost), Shield Battery  
  102  7:54  Probe  
  102  7:55  Zealot  
  102  7:56  Zealot  
  109  8:00  Zealot x4  
  109  8:05  Zealot  
  117  8:06  Zealot  
  108  8:18  Zealot x2  
  108  8:19  Probe x2  
  98  8:20  Observer, Pylon  
  98  8:24  Zealot x4  
  98  8:27  Probe  
  98  8:31  Probe x2  
  98  8:32  Disruptor (Chrono Boost)  
  101  8:39  Probe  
  105  8:48  Nexus  
  105  8:49  Stalker  
  105  8:50  Stalker, Pylon  
  109  8:56  Probe  
  109  8:57  Probe x2  
  109  9:01  Disruptor (Chrono Boost)  
  115  9:08  Stalker x3  
  121  9:11  Protoss Ground Weapons Level 2 (Chrono Boost)  
  121  9:28  Zealot  
  123  9:34  Shield Battery, Disruptor (Chrono Boost)  
  123  9:36  Photon Cannon  
  120  9:51  Stalker x2  
  120  9:52  Zealot x6  
  136  9:59  Gateway  
  136  10:00  Gateway  
  136  10:01  Probe  
  136  10:02  Gateway  
  137  10:11  Disruptor (Chrono Boost)  
  133  10:19  Zealot x7  
  133  10:20  Zealot  
  143  10:24  Robotics Facility  
  143  10:26  Probe x2  
  118  10:47  Disruptor (Chrono Boost)  
  119  10:54  Zealot x8  
  109  11:14  Disruptor (Chrono Boost)  
  110  11:19  Stalker x3  
  110  11:20  Stalker x6  
  110  11:24  Observer (Chrono Boost)  
  129  11:26  Nexus, Dark Shrine  
  129  11:27  Photon Cannon  
  129  11:31  Observer  
  129  11:32  Pylon  
  129  11:34  Pylon  
  134  11:48  Stalker x2  
Show
View Real Time Build Order
Export as new Build Order

Jieshi Protoss 

Build Orders:  

Get SALT Encoding   

  12  0:00  Probe  
  13  0:12  Probe  
  14  0:18  Pylon  
  14  0:25  Probe (Chrono Boost)  
  15  0:37  Probe (Chrono Boost)  
  15  0:39  Gateway  
  16  0:44  Probe (Chrono Boost)  
  16  0:48  Assimilator  
  17  0:51  Probe  
  18  1:03  Probe  
  19  1:15  Probe  
  20  1:22  Pylon  
  20  1:28  Zealot, Probe  
  20  1:29  Cybernetics Core  
  20  1:31  Pylon  
  23  1:49  Probe  
  24  2:02  Probe  
  24  2:06  Stalker (Chrono Boost)  
  25  2:08  Pylon  
  25  2:09  Warp Gate  
  28  2:17  Nexus  
  28  2:20  Probe  
  28  2:24  Assimilator  
  28  2:29  Stalker (Chrono Boost)  
  28  2:35  Probe  
  31  2:47  Probe  
  32  2:51  Stalker  
  34  3:00  Pylon  
  34  3:16  Robotics Facility  
  34  3:19  Probe (Chrono Boost)  
  34  3:29  Probe (Chrono Boost)  
  36  3:36  Probe (Chrono Boost)  
  36  3:38  Probe (Chrono Boost)  
  37  3:41  Gateway  
  37  3:43  Probe x2 (Chrono Boost)  
  39  3:49  Gateway  
  39  3:55  Shield Battery, Probe x2  
  41  3:57  Sentry  
  43  4:07  Warp Prism (Chrono Boost), Probe x2  
  47  4:17  Pylon  
  47  4:19  Probe x2  
  50  4:31  Probe x2  
  50  4:35  Adept  
  50  4:36  Observer  
  50  4:37  Adept  
  50  4:38  Pylon  
  56  4:43  Adept  
  58  4:46  Probe  
  58  4:49  Probe  
  58  4:51  Twilight Council  
  60  4:55  Forge  
  60  4:57  Assimilator  
  60  4:58  Probe  
  61  5:01  Probe  
  62  5:10  Pylon  
  62  5:11  Immortal  
  62  5:14  Phoenix  
  66  5:20  Blink (Chrono Boost)  
  66  5:27  Protoss Ground Weapons Level 1 (Chrono Boost)  
  64  5:41  Probe x2  
  66  5:44  Nexus  
  66  5:45  Pylon  
  66  5:46  Gateway  
  66  5:53  Probe x2  
  68  5:58  Immortal  
  72  6:05  Probe x2  
  72  6:07  Gateway  
  74  6:17  Gateway  
  74  6:21  Gateway  
  74  6:25  Probe x2  
  75  6:27  Photon Cannon  
  75  6:29  Shield Battery  
  75  6:32  Pylon  
  76  6:33  Gateway  
  76  6:39  Stalker  
  78  6:40  Stalker  
  78  6:42  Sentry  
  78  6:43  Sentry  
  84  6:53  Pylon  
  84  7:15  Stalker x3  
  86  7:16  Protoss Ground Weapons Level 2 (Chrono Boost), Stalker x4  
  98  7:31  Stalker  
  100  7:42  Stalker  
  100  7:43  Stalker x2  
  100  7:44  Probe x2  
  100  7:45  Probe  
  100  7:47  Stalker  
  100  7:49  Zealot x3  
  109  7:55  Stalker  
  107  8:02  Probe x2  
  97  8:13  Stalker x3  
  97  8:14  Zealot x3  
  89  8:23  Stalker x3  
  89  8:24  Probe x3  
  82  8:32  Nexus  
  82  8:33  Pylon  
  76  8:38  Probe  
  76  8:39  Probe x2  
  77  8:41  Stalker x2  
  77  8:44  Stalker  
  81  8:49  Zealot x2, Stalker  
  81  8:50  Zealot x2  
  81  8:53  Shield Battery  
  91  8:55  Charge (Chrono Boost), Pylon  
  91  9:05  Stalker x2  
  95  9:17  Stalker  
  95  9:18  Zealot x2  
  95  9:22  Pylon  
  95  9:23  Stalker  
  95  9:24  Zealot  
  105  9:29  Stalker  
  99  9:32  Zealot x2  
  99  9:35  Probe x2  
  99  9:36  Probe, Pylon  
  102  9:46  Stalker x2  
  102  9:47  Zealot  
  102  9:50  Zealot, Stalker  
  111  9:53  Probe (Chrono Boost)  
  111  9:55  Zealot, Stalker  
  111  9:56  Zealot  
  118  10:02  Probe (Chrono Boost)  
  117  10:11  Stalker  
  117  10:12  Zealot x2, Stalker  
  115  10:14  Stalker  
  115  10:20  Zealot x2, Stalker  
  121  10:24  Warp Prism  
  121  10:25  Gateway  
  121  10:27  Gateway  
  123  10:33  Stalker  
  123  10:34  Zealot, Stalker  
  123  10:35  Zealot  
  99  10:40  Zealot x2, Stalker  
  91  10:48  Stalker  
  89  10:55  Stalker x2  
  74  10:58  Zealot x2  
  74  11:01  Stalker  
  78  11:04  Zealot x2  
  80  11:12  Zealot  
  80  11:17  Probe (Chrono Boost)  
  77  11:20  Stalker  
  77  11:21  Zealot x2, Stalker  
  85  11:27  Probe (Chrono Boost), Stalker x2  
  85  11:28  Zealot x3  
  85  11:31  Probe (Chrono Boost)  
  85  11:32  Observer  
  97  11:34  Stalker  
  97  11:36  Probe  
  100  11:40  Pylon  
  100  11:41  Stalker  
  100  11:42  Zealot  
  100  11:44  Zealot x2  
  108  11:48  Probe  
  108  11:51  Nexus  
  108  11:53  Pylon  
  108  11:58  Stalker  
  108  11:59  Zealot x2  
Tags
 
Add a new tag
Caveats
  • Supply blocks, unpowered buildings, or Contaminate may cause inaccurate times.
  • Supply counts are checked every 10 seconds.